 Dungeon Crawl Stone Soup version 0.23-a0-4-g8f018a2 (webtiles) character file.

1547 prawnwizard the Slasher (level 8, -1/64 HPs)
             Began as a Demonspawn Gladiator on July 31, 2018.
             Was a Follower of Ru.
             Slain by an orc warrior
             ... wielding a +1 long sword of holy wrath
              (15 damage)
             ... on level 7 of the Dungeon.
             The game lasted 00:09:55 (7754 turns).

prawnwizard the Slasher (Demonspawn Gladiator)      Turns: 7754, Time: 00:09:55

Health: -1/64      AC:  8    Str: 17    XL:     8   Next: 57%
Magic:  8/8        EV: 14    Int: 10    God:    Ru [*.....]
Gold:   350        SH:  0    Dex: 18    Spells: 7/7 levels left

rFire    . . .     SeeInvis .   j - +0 falchion (vamp)
rCold    + . .     Gourm    .   (no shield)
rNeg     . . .     Faith    .   n - +2 ring mail {rC+}
rPois    .         Spirit   .   c - +0 helmet
rElec    .         Reflect  .   A - scarf {repulsion}
rCorr    .         Harm     .   (no gloves)
MR       .....                  (no boots)
Stlth    ++........             (no amulet)
HPRegen  0.20/turn              (no ring)
MPRegen  0.11/turn              (no ring)

@: about to teleport, no potions, repel missiles
A: hooves 1, thin skeletal structure 2, rot immunity, inability to drink while
threatened
a: Renounce Religion


You were on level 7 of the Dungeon.
You worshipped Ru.
Ru was aware of your devotion.
You were not hungry.

You visited 2 branches of the dungeon, and saw 8 of its levels.

You collected 350 gold pieces.

Inventory:

Hand Weapons
 a - a +1 long sword
 e - a +1 dagger of venom
 j - a +0 vampiric falchion (weapon)
 C - a +0 falchion of protection
Missiles
 d - 3 throwing nets (quivered)
Armour
 c - a +0 helmet (worn)
 n - a +2 ring mail of cold resistance (worn)
 A - a scarf of repulsion (worn)
Wands
 b - a wand of enslavement (6)
 t - a wand of acid (5)
Scrolls
 g - a scroll of amnesia
 h - 3 scrolls of fog
 i - 9 scrolls of identify
 l - 2 scrolls of magic mapping {unknown}
 q - 3 scrolls of remove curse
 u - a scroll of teleportation
 v - a scroll of enchant armour {unknown}
 y - 2 scrolls of immolation {unknown}
 B - a scroll of blinking {unknown}
Potions
 k - a potion of brilliance {unknown}
 m - 2 potions of curing
 o - 2 potions of mutation
 p - 2 potions of lignification
 r - 3 potions of haste
 s - a potion of degeneration {unknown}
 w - 2 potions of magic
 x - a potion of invisibility {unknown}
 z - a potion of berserk rage {unknown}
Comestibles
 f - 5 rations


   Skills:
 + Level 5.7 Fighting
 * Level 7.5 Long Blades
 - Level 1.7 Throwing
 + Level 5.5 Dodging


You had 7 spell levels left.
You didn't know any spells.
Your spell library contained the following spells:

 Spells                   Type           Power        Failure   Level  Hunger
 Magic Dart               Conj           #...         56%         1    ##.....
 Conjure Flame            Conj/Fire      #.......     91%         3    ####...
 Slow                     Hex            #.......     71%         2    ###....
 Mephitic Cloud           Conj/Pois/Air  #.......     91%         3    ####...
 Blink                    Tloc           N/A          71%         2    ###....
 Call Imp                 Summ           #.......     71%         2    ###....


Dungeon Overview and Level Annotations

Branches:
Dungeon (7/15)             Temple (1/1) D:4

Altars:
Ashenzari
Cheibriados
Dithmenos
Elyvilon
Fedhas
Gozag
Hepliaklqana
Kikubaaqudgha
Makhleb
Nemelex Xobeh
Okawaru
Qazlal
Ru
Sif Muna
Trog
Uskayaw
Vehumet
Wu Jian
Xom
Yredelemnul
Zin
The Shining One

Annotations:
D:6 1 runed door, iishen's ghost, novice DrVM


Innate Abilities, Weirdness & Mutations

You have large cloven feet.
You have a moderately thin skeletal structure. (Dex +4, Stealth+)
You are immune to rotting.
You cannot drink potions while threatened.


Message History

The orc warrior hits you with a long sword of holy wrath!
You feel threatened and lose the ability to drink potions!
You convulse!
* * * LOW HITPOINT WARNING * * *
You barely miss the orc warrior. Your kick misses the orc warrior.
The orc warrior is moderately wounded.
The orc warrior barely misses you.
You riposte.
You hit the orc warrior but do no damage.
Your kick misses the orc warrior.
The orc warrior is moderately wounded.
You see here a ring mail.
You see here a quarterstaff.
You can drink potions again.
As you read the scroll of teleportation, it crumbles to dust.
You feel strangely unstable.
You hit the orc warrior but do no damage.
The orc warrior is moderately wounded.
The orc warrior hits you with a long sword of holy wrath!
You feel threatened and lose the ability to drink potions!
You die...

#.#.##...).........
#####.#.##)###...######
..(.......W# ##...#
####....##.##..#8.8#
#.....#...#.##...#
#...#...#..# #8.8#
#...###.W.## ...≈≈
######...# ##o## 8≈≈
.........# #@#
.....##..###### ####.
#......# # #.###### #.#
#.####### #.......#
#######.# #.#


You could see a hungry ghost and an orc warrior.

Vanquished Creatures
  An ice beast (D:5)
  A black bear (D:7)
  A phantom (D:7)
  A necrophage (D:7)
  2 ogres
  Blork the orc (D:5)
  A bullfrog (D:6)
  A scorpion (D:3)
  3 killer bees (D:7)
  3 howler monkeys
  A crimson imp (D:7)
  A jelly (D:7)
  An orc priest (D:4)
  A gnoll shaman (D:4)
  3 orc wizards
  4 worker ants
  Ijyb (D:3)
  Robin (D:4)
  4 gnolls (D:4)
  9 adders
  2 adder skeletons
  6 worms
  3 dart slugs (D:1)
  4 leopard geckos
  13 orcs
  8 bats
  5 giant cockroaches
  13 goblins
  15 hobgoblins
  6 jackals
  3 quokkas
  A ball python (D:1)
  5 frilled lizards
  A giant cockroach zombie (D:5)
  12 kobolds
  4 rats
142 creatures vanquished.

Notes
Turn   | Place    | Note
-------+----------+-------------------------------------------
     0 | D:1      | prawnwizard the Demonspawn Gladiator began the quest for the Orb.
     0 | D:1      | Reached XP level 1. HP: 16/16 MP: 1/1
    81 | D:1      | Reached skill level 3 in Long Blades
    88 | D:1      | Gained mutation: You are immune to rotting. [demonic ancestry]
    88 | D:1      | Reached XP level 2. HP: 11/22 MP: 2/2
   409 | D:1      | Gained mutation: You have large cloven feet. [demonic ancestry]
   409 | D:1      | Reached XP level 3. HP: 10/28 MP: 3/3
  1543 | D:2      | Reached XP level 4. HP: 21/34 MP: 4/4
  1689 | D:2      | Reached skill level 4 in Long Blades
  1899 | D:2      | Gained mutation: You have a somewhat thin skeletal structure. (Dex +2, Stealth) [demonic ancestry]
  1899 | D:2      | Reached XP level 5. HP: 24/41 MP: 5/5
  2639 | D:3      | Found an ornate altar of the Wu Jian Council.
  2778 | D:3      | Noticed Ijyb
  2789 | D:3      | Killed Ijyb
  3272 | D:3      | Found a white marble altar of Elyvilon.
  3299 | D:3      | Reached XP level 6. HP: 25/47 MP: 6/6
  3602 | D:3      | Found a hide-covered altar of Uskayaw.
  3843 | D:4      | Found a shadowy altar of Dithmenos.
  4230 | D:4      | Found a staircase to the Ecumenical Temple.
  4290 | D:4      | Reached skill level 5 in Long Blades
  4664 | D:4      | Noticed Robin
  4682 | D:4      | Killed Robin
  4712 | D:4      | Gained mutation: You have a moderately thin skeletal structure. (Dex +4, Stealth+) [demonic ancestry]
  4712 | D:4      | Reached XP level 7. HP: 46/54 MP: 7/7
  5104 | Temple   | Entered the Ecumenical Temple
  5300 | Temple   | Became a worshipper of Ru the Awakened
  5431 | D:5      | Entered Level 5 of the Dungeon
  5659 | D:5      | Noticed Blork the orc
  5675 | D:5      | Killed Blork the orc
  5675 | D:5      | Reached skill level 6 in Long Blades
  6490 | D:6      | Found a runed door.
  6490 | D:6      | Noticed iishen's ghost (novice DrVM)
  6696 | D:6      | Found a glowing golden altar of the Shining One.
  6696 | D:6      | Found a hazy altar of Hepliaklqana.
  6701 | D:6      | Found a shadowy altar of Dithmenos.
  6703 | D:6      | Found a stormy altar of Qazlal.
  6704 | D:6      | Found an ancient bone altar of Kikubaaqudgha.
  7015 | D:6      | Gained mutation: You cannot drink potions while threatened. [Ru sacrifice]
  7015 | D:6      | Reached * piety under Ru
  7145 | D:7      | Reached skill level 5 in Fighting
  7153 | D:7      | Reached skill level 5 in Dodging
  7153 | D:7      | Reached XP level 8. HP: 40/62 MP: 8/8
  7196 | D:7      | Reached skill level 7 in Long Blades
  7754 | D:7      | Slain by an orc warrior

Vault maps used:
D:1:      lightli_arrival_isolated_outpost, st_stairs_14
D:3:      lemuel_doored_altar, elyvilon_altar_3, overflow_temple_1_default,
          first_ration, uniq_ijyb
D:4:      minmay_temple_entry_enclosed_plants,
          nicolae_dithmenos_through_a_glass_darkly, uniq_robin
D:5:      kennysheep_minor_cross, uniq_blork_the_orc
D:6:      chequers_temple_overflow_minitemple, hellmonk_ghost_happy_afterlife
D:7:      kennysheep_orc_sif_temple, serial_shops, kennysheep_little_box
Temple:   eino_narrow_crystal_temple

Skill      XL: |  1  2  3  4  5  6  7  8 |
---------------+-------------------------+-----
Long Blades    | 3 4 5 6 7 |  7.5
Dodging        | 3 4 5 |  5.5
Fighting       | 3 4 5 |  5.7
Throwing       | |  1.7

Action                   |  1- 3 |  4- 6 |  7- 9 || total
-------------------------+-------+-------+-------++-------
Melee: Dagger            |   106 |       |       ||   106
       Long sword        |    38 |   169 |    16 ||   223
       Kick              |    22 |    77 |   102 ||   201
       Falchion          |       |       |   194 ||   194
Invok: Sacrifice Drink   |       |       |     1 ||     1
  Use: Scroll            |       |    10 |     1 ||    11
       Potion            |       |       |     1 ||     1
 Stab: Sleeping          |       |     1 |     4 ||     5
  Eat: Chunk             |     2 |     8 |     3 ||    13
       Ration            |       |     1 |     3 ||     4
Armor: Leather armour    |    27 |    20 |       ||    47
       Ring mail         |       |    20 |    72 ||    92
Dodge: Dodged            |    91 |   128 |   141 ||   360
       Deflected         |       |       |     1 ||     1
       Rpst.: Long sword |    10 |    44 |     3 ||    57
       Falchion          |       |       |    38 ||    38

Table legend:
 A = Spawn XP
 B = Non-spawn XP
 C = Spawn XP percentage of total XP
 D = Spawn monster count
 E = Non-spawn monster count
 F = Spawn count percentage of total count
 G = Total turns spent on level
                    A         B        C        D         E        F      G
               +---------+---------+-------+---------+---------+-------+---------
         Total |       0 |    2210 |   0.0 |       0 |     142 |   0.0 |  7754
               +---------+---------+-------+---------+---------+-------+---------
           D:1 |       0 |      62 |   0.0 |       0 |      33 |   0.0 |  1232
           D:2 |       0 |     173 |   0.0 |       0 |      24 |   0.0 |  1192
           D:3 |       0 |     190 |   0.0 |       0 |      28 |   0.0 |  1698
           D:4 |       0 |     362 |   0.0 |       0 |      28 |   0.0 |  1104
           D:5 |       0 |     345 |   0.0 |       0 |       8 |   0.0 |   987
           D:6 |       0 |     205 |   0.0 |       0 |       9 |   0.0 |   694
           D:7 |       0 |     873 |   0.0 |       0 |      12 |   0.0 |   642
               +---------+---------+-------+---------+---------+-------+---------
